 Dungeon Crawl Stone Soup version 0.30-a0-723-gc1506a1cf0 (webtiles) character file.

Game seed: 14422829057783594156

1534 browni3141 the Ruffian (level 8, -4/118 HPs)
             Began as a Troll Berserker on Jan 28, 2023.
             Was an Elder of Trog.
             Slain by an orc
             ... wielding a +0 war axe
              (6 damage)
             ... on level 7 of the Dungeon.
             The game lasted 00:05:03 (4225 turns).

browni3141 the Ruffian (Troll Berserker)            Turns: 4225, Time: 00:05:03

Health: -4/118     AC:  5    Str: 26    XL:     8   Next: 55%
Magic:  7/7        EV: 11    Int:  3    God:    Trog [****..]
Gold:   635        SH:  0    Dex: 11    Spells: 7/7 levels left

rFire   . . .      SeeInvis .      - Unarmed
rCold   . . .      Faith    .    (no shield)
rNeg    + . .      Spirit   .    a - +0 animal skin
rPois   .          Reflect  .    (helmet restricted)
rElec   .          Harm     .    c - +0 cloak
rCorr   .          Rampage  .    (gloves unavailable)
Will    +....                    (boots unavailable) Stlth
                                 (no amulet)
HPRegen 1.19/turn                b - ring of willpower
MPRegen 0.10/turn                f - ring of positive energy

@: berserking, lethally poisoned (-4 -> -5), very quick
A: large, unfitting armour, claws 3, regeneration 1, shaggy fur 1, tough skin 1
a: Renounce Religion, Berserk, Trog's Hand, Brothers in Arms


You were on level 7 of the Dungeon.
You worshipped Trog.
Trog was greatly pleased with you.
You visited 1 branch of the dungeon, and saw 7 of its levels.
You also visited: Ossuary.

You collected 635 gold pieces.

Inventory:

Missiles
 m - 3 poisoned darts (quivered)
 q - a throwing net
Armour
 a - a +0 animal skin (worn)
 c - a +0 cloak (worn)
Jewellery
 b - a ring of willpower (left claw)
 f - a ring of positive energy (right claw)
Wands
 i - a wand of flame (31)
 n - a wand of mindburst (15)
 p - a wand of quicksilver (16)
Potions
 d - 5 potions of heal wounds {unknown}
 e - 5 potions of lignification {unknown}
 g - a potion of ambrosia {unknown}
 h - a potion of degeneration {unknown}
 j - a potion of magic {unknown}
 k - a potion of brilliance {unknown}
 l - 2 potions of curing {unknown}
 o - a potion of resistance {unknown}


   Skills:
 + Level 4.8 Fighting
 + Level 2.4 Throwing
 + Level 4.8 Dodging
 - Level 1.0 Stealth
 * Level 7.8 Unarmed Combat


You had 7 spell levels left.
You didn't know any spells.
Your spell library was empty.

Dungeon Overview and Level Annotations

Branches:
Dungeon (7/15)             Temple (0/1) D:6         Ossuary (visited)

Altars:
Cheibriados
Dithmenos
Elyvilon
Kikubaaqudgha
Vehumet
Wu Jian
Xom

Shops:
D:5 (


Innate Abilities, Weirdness & Mutations

You are too large for most types of armour.
You have claws for hands.
Your natural rate of healing is unusually fast.
You are covered in fur. (AC +1)
You have tough skin. (AC +1)


Message History

The water moccasin poisons you!
You claw the orc warrior!
The orc warrior is heavily wounded.
You feel very sick. The orc warrior barely misses you.
The water moccasin bites you but does no damage.
You mangle the orc warrior!!
You kill the orc warrior!
Trog accepts your kill.
You feel very sick. The water moccasin closely misses you.
A wight comes into view. It is wielding a +4 dagger of freezing.
You closely miss the water moccasin.
The water moccasin is severely wounded.
You feel sick. The water moccasin bites you.
* * * LOW HITPOINT WARNING * * *
You barely miss the water moccasin.
The water moccasin is severely wounded.
You feel sick. The orc hits you but does no damage.
You closely miss the water moccasin. Your claw misses the water moccasin.
The water moccasin is severely wounded.
You feel sick. The water moccasin barely misses you.
You miss the water moccasin.
The water moccasin is severely wounded.
You feel sick. The water moccasin bites you!
* * * LOW HITPOINT WARNING * * *
The orc barely misses you.
The orc throws a boomerang.
The boomerang hits you.
* * * LOW HITPOINT WARNING * * *
You claw the water moccasin!
You kill the water moccasin!
Trog accepts your kill.
You feel sick. The orc hits you with a +0 war axe.
* * * LOW HITPOINT WARNING * * *
You closely miss the orc wizard.
* * * LOW HITPOINT WARNING * * *
You feel sick.
You barely miss the orc wizard.
* * * LOW HITPOINT WARNING * * *
You feel sick. The orc hits you with a +0 war axe.
You die...

.. #... .#
##..##...... #.
....#....#.##..
...z..#..#.....
......#........
................
......oo.........
......o@...#..... .
..#........#...... .
###.............#####.
#.....(..........#...
##.............#.....
####........#.##....
##...............
#................
##......##........


You could see a wight, an orc wizard and 2 orcs.

Vanquished Creatures
  Eustachio (D:4)
  A water moccasin (D:7)
  A black bear (D:5)
  An orc warrior (D:7)
  An ogre (D:6)
  A phantom (D:5)
  2 necrophages
  A bullfrog (D:6)
  2 scorpions (D:6)
  An elf zombie (Ossuary)
  A centaur zombie (Ossuary)
  2 hounds
  2 jellies
  A gnoll bouda (D:6)
  3 iguanas (D:6)
  A statue (D:3)
  2 mummies (Ossuary)
  3 gnolls (D:6)
  12 adders
  A shadow imp (D:6)
  2 ufetubi (D:6)
  A worm (D:2)
  5 dart slugs
  17 orcs
  8 ball pythons
  4 bats
  7 endoplasms
  3 giant cockroaches
  8 goblins
  5 hobgoblins
  5 jackals (D:3)
  8 kobolds
  2 quokkas
  5 frilled lizards
  2 goblin zombies (Ossuary)
  6 hobgoblin zombies (Ossuary)
  4 orc zombies (Ossuary)
  3 rats
135 creatures vanquished.

Vanquished Creatures (others)
  A plant (D:3)
1 creature vanquished.

Grand Total: 136 creatures vanquished

Notes
Turn   | Place    | Note
-------+----------+-------------------------------------------
     0 | D:1      | browni3141 the Troll Berserker began the quest for the Orb.
     0 | D:1      | Reached XP level 1. HP: 22/22 MP: 0/0
   110 | D:1      | Reached XP level 2. HP: 29/29 MP: 1/1
   726 | D:2      | Reached XP level 3. HP: 36/36 MP: 2/2
   811 | D:2      | Reached ** piety under Trog
   819 | D:2      | Found a faded altar of an unknown god.
  1028 | D:2      | You fall into a shaft and drop 1 floor!
  1046 | D:3      | Reached XP level 4. HP: 44/44 MP: 3/3
  1053 | D:3      | Reached skill level 4 in Unarmed Combat
  1155 | D:3      | Found a radiant altar of Vehumet.
  1157 | D:3      | Noticed a charred statue
  1167 | D:3      | Killed a charred statue
  1168 | D:3      | Reached skill level 1 in Stealth
  1172 | D:3      | Reached XP level 5. HP: 53/53 MP: 4/4
  1432 | D:3      | Found an ancient bone altar of Kikubaaqudgha.
  2237 | D:4      | Noticed Eustachio
  2283 | D:4      | Killed Eustachio
  2284 | D:4      | Reached skill level 5 in Unarmed Combat
  2284 | D:4      | Reached XP level 6. HP: 21/61 MP: 5/5
  2386 | D:4      | Found a sand-covered staircase.
  2401 | Ossuary  | Entered an ossuary
  2421 | Ossuary  | Reached *** piety under Trog
  2612 | D:4      | Found a shadowy altar of Dithmenos.
  2701 | D:4      | Reached XP level 7. HP: 68/68 MP: 6/6
  2878 | D:5      | Entered Level 5 of the Dungeon
  2881 | D:5      | Found a snail-covered altar of Cheibriados.
  2912 | D:5      | Found an ornate altar of the Wu Jian Council.
  2921 | D:5      | Reached skill level 6 in Unarmed Combat
  3263 | D:5      | Found Wekyh Udeef's Weapon Boutique.
  3634 | D:6      | Found a shimmering altar of Xom.
  3634 | D:6      | Found a shimmering altar of Xom.
  3634 | D:6      | Found a shimmering altar of Xom.
  3636 | D:6      | Found a shimmering altar of Xom.
  3636 | D:6      | Found a shimmering altar of Xom.
  3636 | D:6      | Found a shimmering altar of Xom.
  3637 | D:6      | Found a shimmering altar of Xom.
  3654 | D:6      | Reached **** piety under Trog
  3655 | D:6      | Reached skill level 1 in Throwing
  3671 | D:6      | Reached skill level 7 in Unarmed Combat
  3671 | D:6      | Reached XP level 8. HP: 73/79 MP: 7/7
  3724 | D:6      | Found a white marble altar of Elyvilon.
  3795 | D:6      | Found a staircase to the Ecumenical Temple.
  4223 | D:7      | HP: 2/118 [orc/+0 war axe (5)]
  4225 | D:7      | Slain by an orc

Illustrated notes

Levels and vault maps discovered:
D:1:      lemuel_arrival_room, layout_loops_ring
D:2:      layout_rooms, shapermc_ecumenical_altar_flowoftime, skrybe_limestone_x
D:3:      layout_basic, nicolae_kikubaaqudgha_miasma_corner, vehumet_statue,
          saegor_snake_ambush
D:4:      layout_cave_pools, grunt_dithmenos_smoke_and_mirrors, enter_ossuary_1,
          uniq_eustachio
D:5:      layout_basic, mainiacjoe_overflow_catwalk,
          nicolae_wu_jian_wuxing_cycle, serial_shops,
          nicolae_shop_advertising_works [nicolae_subvault_shop_adworks],
          corexii_shack
D:6:      layout_basic, xom_redecorated, elyvilon_altar_5, temple_pool_b
D:7:      layout_cave_pools, st_stairs_1

Skill      XL: |  1  2  3  4  5  6  7  8 |
---------------+-------------------------+-----
Unarmed Combat | 4 5 7 |  7.8
Dodging        | 3 4 |  4.8
Fighting       | 3 4 |  4.8
Stealth        | 1 |  1.0
Throwing       | 1 2 |  2.4

Action                     |  1- 3 |  4- 6 |  7- 9 || total
---------------------------+-------+-------+-------++-------
  Melee: Unarmed           |    74 |   188 |   124 ||   386
         Punch             |     3 |     3 |     8 ||    14
 Invoke: Berserk           |       |       |     2 ||     2
   Stab: Sleeping          |     2 |     3 |     1 ||     6
         Distracted        |       |       |     1 ||     1
 Armour: Animal skin       |    37 |   106 |    32 ||   175
  Dodge: Dodged            |    32 |   132 |    67 ||   231

Table legend: (Time is in decaauts)
 A = Elapsed time spent in this place.
 B = Non-inter-level travel time spent in this place.
 C = Inter-level travel time spent in this place.
 D = Time resting spent in this place.
 E = Time spent auto-exploring this place.
 F = Levels seen in this place.
 G = Mean time per level.
                   A        B        C        D        E       F      G
               +--------+--------+--------+--------+--------+-----+--------+
         Total |   4190 |   4006 |    184 |     28 |   3034 |   8 |  523.8 |
       Dungeon |   4058 |   3874 |    184 |     28 |   2972 |   7 |  579.7 |
       Ossuary |    132 |    132 |      0 |      0 |     62 |   1 |  132.0 |
               +--------+--------+--------+--------+--------+-----+--------+

Top non-repeatable levels by time:
     D:3: 1027 daAuts
     D:1: 718 daAuts
     D:5: 699 daAuts
     D:6: 568 daAuts
     D:4: 512 daAuts
     D:2: 464 daAuts
 Ossuary: 132 daAuts
     D:7: 67 daAuts
